 Dungeon Crawl Stone Soup version 0.30.1-11-g7821555f0a (webtiles) character file.

Game seed: 11990489629519692971

3027 ChrisAssaf the Covert (level 9, -5/80 HPs)
             Began as a Naga Brigand on Nov 22, 2023.
             Was a Believer of Ru.
             Engulfed by a cloud of flame (33 damage)
             ... on level 9 of the Dungeon.
             The game lasted 00:25:44 (6326 turns).

ChrisAssaf the Covert (Naga Brigand)                Turns: 6326, Time: 00:25:44

Health: -5/80      AC: 10    Str: 16    XL:     9   Next: 85%
Magic:  9/9        EV: 10    Int: 13    God:    Ru [**....]
Gold:   154        SH:  4    Dex: 13    Spells: 8/8 levels left

rFire   x . .        n - +0 sling (flame)
rCold   . . .        k - +0 buckler
rNeg    + . .        v - +2 troll leather armour
rPois   +            f - +2 hat
rElec   .            c - +0 cloak
rCorr   .            (no gloves)
SInv    +            (no barding)
Will    +....        (no amulet)
Stlth   ++++         h - ring of protection from cold
HPRegen 1.13/turn    l - ring of positive energy
MPRegen 0.11/turn

%: no passive effects
@: very slow
A: AC +3, large, see invisible, deformed body, poison resistance, slowness 2,
spit poison 1, naga tail 1, temperature sensitive
a: Spit Poison, Renounce Religion


You were on level 9 of the Dungeon.
You worshipped Ru.
Ru was pleased with you.
You visited 2 branches of the dungeon, and saw 10 of its levels.

You collected 427 gold pieces.
You spent 273 gold pieces at shops.

Inventory:

Hand Weapons
 n - a +0 sling of flaming (weapon)
 w - a +1 short sword of electrocution
Missiles
 d - 9 poisoned darts
 e - 2 curare-tipped darts
 m - 16 boomerangs
Armour
 b - a +1 robe
 c - a +0 cloak (worn)
 f - a +2 hat (worn)
 k - a +0 buckler (worn)
 v - a +2 troll leather armour (worn)
Jewellery
 h - a ring of protection from cold (left hand)
 l - a ring of positive energy (right hand)
 u - a +4 ring of protection
Wands
 x - a wand of flame (18)
Scrolls
 g - 2 scrolls of fog
 i - a scroll of summoning
 z - a scroll of torment {unknown}
 A - a scroll of noise {unknown}
 B - a scroll of teleportation
Potions
 a - a potion of invisibility {unknown}
 j - a potion of might
 o - 3 potions of lignification
 p - 2 potions of haste
 q - 5 potions of curing
 s - 2 potions of berserk rage
 t - a potion of flight
Miscellaneous
 y - a box of beasts


   Skills:
 * Level 4.9 Fighting
 * Level 4.9 Short Blades
 * Level 4.7 Ranged Weapons
 * Level 4.1 Throwing
 * Level 3.1 Armour
 * Level 4.6 Dodging
 * Level 9.8 Stealth
 * Level 3.3 Shields
 + Level 0.9 Evocations


You had 8 spell levels left.
You didn't know any spells.
Your spell library contained the following spells:

 Spells                   Type           Power      Damage    Failure   Level
 Stone Arrow              Conj/Erth      0%         3d7       82%         3
 Lee's Rapid Deconstruct  Erth           0%         3d4*      100%        5
 Shatter                  Erth           0%         3d5*      100%        9


Dungeon Overview and Level Annotations

Branches:
Dungeon (9/15)             Temple (1/1) D:4
   Lair: D:8-11         Orc: D:9-12

Altars:
Ashenzari
Cheibriados
Dithmenos
Elyvilon
Fedhas
Gozag
Hepliaklqana
Kikubaaqudgha
Makhleb
Nemelex Xobeh
Okawaru
Qazlal
Ru
Sif Muna
Trog
Uskayaw
Vehumet
Wu Jian
Yredelemnul
Zin
The Shining One

Shops:
D:2 !   D:5 :

Annotations:
D:4 2 transporters, Linnx's ghost, amateur MfTm
D:7 4 runed translucent doors


Innate Abilities, Weirdness & Mutations

Your serpentine skin is tough. (AC +3)
You have supernaturally acute eyesight. (SInv)
Armour fits poorly on your strangely shaped body.
Your system is resistant to poisons. (rPois)
You cover ground very slowly.
You can spit poison.
You have a snake-like lower body.
You are sensitive to extremes of temperature. (rF-, rC-)


Message History

You throw a curare-tipped dart. The curare-tipped dart hits the yak.
The yak looks even sicker.
The yak convulses.
Flame seeps out of the yak.
The yak seems to slow down.
The yak is heavily wounded.
The yak is engulfed in blazing flames.
Flame seeps out of the yak.
Your +1 short sword of electrocution stops crackling.
Your +0 sling of flaming bursts into flame!
n - a +0 sling of flaming (weapon)
The yak is engulfed in blazing flames.
Flame seeps out of the yak.
Fire: n) +0 sling (flame)
Press: ? - help, Q - select action, (/) - cycle Shift-Dir - straight line, f/p - yak
Aim: a yak (almost dead, inner flame, very poisoned, slow, 70% to hit)
You shoot a sling bullet.
The sling bullet closely misses the yak.
Fire: n) +0 sling (flame)
Press: ? - help, Q - select action, (/) - cycle Shift-Dir - straight line, f/p - yak
Aim: a yak (almost dead, inner flame, very poisoned, slow, 70% to hit)
You shoot a sling bullet. The sling bullet hits the yak.
Flame seeps out of the yak.
The sling bullet burns the yak.
Flame seeps out of the yak.
The yak is almost dead.
You have got your breath back.
The yak is engulfed in blazing flames.
The yak explodes!
The fiery explosion engulfs the yak!!!
The fiery explosion engulfs the yak!!
Flame seeps out of the yak.
The yak is severely wounded.
The fiery explosion engulfs the yak!!
The yak is heavily wounded.
The yak explodes!
The fiery explosion engulfs you!!! The fire burns you terribly!
Ouch! That really hurt!
The yak is engulfed in blazing flames.
The yak explodes!
You hear a shout! x2
Your Throwing skill increases to level 4!
Your Armour skill increases to level 3!
Unknown command.
You are engulfed in blazing flames.
You die...

#............#.##.......
#....#...........###....
###..#...###....###..#..
######.# #.........# .
#####.........#
##..........
##.......### #
#.......#### .#
##..##@.§§§###..#..
#####§§°(§........
##§§......Y...
##Y..†.......
###..#...... ####.#...#
# .## .. .


You could see a yak.

Vanquished Creatures
  A hornet (D:5)
  4 yaks (D:9)
  An ice beast (D:7)
  3 black bears
  3 ogres
  4 phantoms
  A kobold brigand (D:7)
  A scorpion (D:5)
  A howler monkey (D:6)
  5 hounds
  2 orc priests
  2 sleepcaps
  4 iguanas
  5 orc wizards
  8 adders
  2 shadow imps
  2 white imps
  A worm (D:2)
  3 dart slugs
  9 orcs
  6 ball pythons
  6 endoplasms
  A giant cockroach (D:2)
  7 goblins
  5 hobgoblins
  9 jackals
  12 kobolds
  6 quokkas
  4 bats
  3 frilled lizards
  4 rats
125 creatures vanquished.

Vanquished Creatures (collateral kills)
  A troll (D:9)
  2 wyverns (D:9)
3 creatures vanquished.

Grand Total: 128 creatures vanquished

Notes
Turn   | Place    | Note
-------+----------+-------------------------------------------
     0 | D:1      | ChrisAssaf the Naga Brigand began the quest for the Orb.
     0 | D:1      | Reached XP level 1. HP: 19/19 MP: 1/1
    16 | D:1      | Reached skill level 6 in Stealth
    73 | D:1      | Found a faded altar of an unknown god.
   140 | D:1      | Reached XP level 2. HP: 26/26 MP: 2/2
   289 | D:2      | Noticed an ogre
   302 | D:2      | Killed an ogre
   303 | D:2      | Reached skill level 1 in Dodging
   303 | D:2      | Reached skill level 7 in Stealth
   303 | D:2      | Reached XP level 3. HP: 33/33 MP: 3/3
   303 | D:2      | Reached XP level 4. HP: 40/40 MP: 4/4
   479 | D:4      | Found a transporter.
   489 | D:4      | Noticed Linnx's ghost (amateur MfTm)
   511 | D:4      | Noticed a phantom
   591 | D:4      | Killed a phantom
   592 | D:4      | Reached skill level 1 in Armour
   592 | D:4      | Reached XP level 5. HP: 30/46 MP: 5/5
   602 | D:4      | Found a transporter.
   784 | D:4      | Reached skill level 8 in Stealth
   784 | D:4      | Reached XP level 6. HP: 55/55 MP: 6/6
   921 | D:5      | Entered Level 5 of the Dungeon
   984 | D:5      | Reached skill level 1 in Shields
  1119 | D:5      | Found Zesagih's Book Emporium.
  1183 | D:5      | Reached XP level 7. HP: 62/62 MP: 7/7
  1271 | D:5      | Noticed a hornet
  1278 | D:5      | Killed a hornet
  1295 | D:5      | Reached skill level 1 in Ranged Weapons
  1314 | D:5      | Got Banoshuj's Directory of the Gargoyle
  1692 | D:5      | Reached XP level 8. HP: 69/69 MP: 8/8
  2366 | D:4      | Found a staircase to the Ecumenical Temple.
  2371 | Temple   | Entered the Ecumenical Temple
  2587 | Temple   | Became a worshipper of Ru the Awakened
  3908 | D:2      | Found an opulent altar of Gozag.
  3973 | D:2      | Gained mutation: You are sensitive to extremes of
                  | temperature. (rF-, rC-) [Ru sacrifice]
  3973 | D:2      | Reached * piety under Ru
  3973 | D:2      | Reached ** piety under Ru
  3987 | D:2      | Found Qigg's Distillery.
  4210 | D:2      | Bought a potion of curing for 39 gold pieces
  4210 | D:2      | Bought a potion of berserk rage for 65 gold pieces
  4210 | D:2      | Bought a potion of flight for 39 gold pieces
  4210 | D:2      | Bought a potion of might for 52 gold pieces
  4210 | D:2      | Bought 2 potions of lignification for 78 gold pieces
  5474 | D:7      | Reached skill level 9 in Stealth
  5690 | D:7      | Reached XP level 9. HP: 69/78 MP: 9/9
  5825 | D:7      | Found a huge runed translucent gate.
  5825 | D:7      | Found a huge runed translucent gate.
  5825 | D:7      | Found a huge runed translucent gate.
  5825 | D:7      | Noticed a polar bear
  5826 | D:7      | Found a huge runed translucent gate.
  5827 | D:7      | Noticed a polar bear
  5827 | D:7      | Noticed a polar bear
  5828 | D:7      | Noticed a polar bear
  6062 | D:9      | Noticed a troll
  6075 | D:9      | Killed a troll
  6326 | D:9      | Engulfed by a cloud of flame

Illustrated notes

Levels and vault maps discovered:
D:1:      roderic_octagonal_star, layout_rooms,
          hellmonk_ecumenical_altar_heavens_door
D:2:      layout_basic, basic_altar, serial_shops, nicolae_shop_window_shopping
D:3:      layout_basic, st_stairs_1
D:4:      layout_gridville, temple_doors_ab, gammafunk_ghost_arena,
          nicolae_titane
D:5:      layout_cave_pods, serial_shops, nicolae_diamond_shop,
          kennysheep_potato
D:6:      minmay_klotski, layout_loops_ring, uniq_menkaure
D:7:      lemuel_bear_cage, layout_loops_corners
D:8:      kennysheep_blocky_room, layout_loops_ring,
          mainiacjoe_overflow_24_doors, serial_shops, shop, sigmund_army
D:9:      layout_cave_pools, chequers_garden
Temple:   roderic_octagonal_lattice_temple

Skill      XL: |  1  2  3  4  5  6  7  8  9 |
---------------+----------------------------+-----
Stealth        | 6 7 8 9 |  9.8
Throwing       | 2 3 4 |  4.1
Dodging        | 1 2 3 4 |  4.6
Armour         | 1 2 3 |  3.1
Shields        | 1 2 3 |  3.3
Short Blades   | 3 4 |  4.9
Fighting       | 3 4 |  4.9
Ranged Weapons | 1 3 4 |  4.7
Evocations     | |  0.9

Action                     |  1- 3 |  4- 6 |  7- 9 || total
---------------------------+-------+-------+-------++-------
  Melee: Dagger            |    30 |   109 |    75 ||   214
         Short sword       |       |       |   118 ||   118
   Fire: Sling             |       |     4 |   136 ||   140
  Throw: Dart              |     1 |       |     3 ||     4
         Boomerang         |       |     1 |       ||     1
 Invoke: Sacrifice Resista |       |       |     1 ||     1
Ability: Spit Poison       |    11 |    15 |    57 ||    83
  Evoke: Wand              |       |     9 |     4 ||    13
    Use: Scroll            |       |     2 |    12 ||    14
         Potion            |       |     2 |     2 ||     4
   Stab: Sleeping          |     4 |     3 |     3 ||    10
 Armour: Robe              |    22 |    69 |    78 ||   169
         Troll leather arm |       |       |     6 ||     6
  Dodge: Dodged            |    35 |    92 |   108 ||   235
  Block: Buckler           |       |    37 |    31 ||    68
